 Dungeon Sprint DCSS version 0.17-b1-25-g6d8775f (console) character file.

48 Kellhus the Martial Artist (level 5, -9/41 HPs)
             Began as a Demonspawn Monk on Nov 5, 2015.
             Was an Elder of Qazlal.
             Killed from afar by a kamikaze kobold (35 damage)
             ... with an exploding inner flame
             ... in the Dungeon (Sprint VI: "Thunderdome").
             The game lasted 00:01:52 (359 turns).

Kellhus the Martial Artist (Demonspawn Monk)         Turns: 359, Time: 00:01:52

Health: -9/41      AC:  4    Str: 11    XL:     5   Next: 61%
Magic:  10/10      EV: 15    Int: 12    God:    Qazlal [****..]
Gold:   200        SH:  5    Dex: 16    Spells: 0 memorised, 4 levels left

rFire  . . .     SeeInvis .       - Unarmed
rCold  . . .     Clarity  .     m - +2 robe {MR+}
rNeg   . . .     SustAt   .     (no shield)
rPois  .         Gourm    .     (no helmet)
rElec  .         Spirit   .     (no cloak)
rCorr  .         Warding  .     (no gloves)
rMut   .         NoTele   +     (no boots)
MR     +....                    (no amulet)
Stlth  +.........               (no ring)
                                (no ring)

@: repel missiles, somewhat resistant to hostile enchantments, very unstealthy
A: repulsion field 1, demonic guardian 1
a: Upheaval, Elemental Force, Renounce Religion


You were in the Dungeon.
You worshipped Qazlal.
Qazlal was greatly pleased with you.
You were not hungry.

You visited 1 branch You collected 200 gold pieces.

Inventory:

Armour
 a - a +0 robe
 m - a +2 robe of magic resistance (worn)
Wands
 j - a wand of cold (4)
 k - a wand of fire (5)
Scrolls
 h - 4 scrolls of blinking
 l - 3 scrolls of fog
Potions
 c - a potion of curing
 d - 4 potions of heal wounds
 e - 4 potions of haste
 f - 2 potions of magic
 g - a potion of berserk rage
 i - a potion of resistance
Comestibles
 b - a bread ration
 n - 4 chunks of flesh


   Skills:
 - Level 3.0 Fighting
 - Level 2.6 Dodging
 - Level 1.7 Stealth
 + Level 10.1 Unarmed Combat
 * Level 6.9 Invocations


You had 4 spell levels left.
You didn't know any spells.

Dungeon Overview and Level Annotations

Branches:
Dungeon (1/1)

Altars:
Cheibriados
Dithmenos
Fedhas
Gozag
Kikubaaqudgha
Makhleb
Okawaru
Qazlal
Ru
Sif Muna
Trog
Vehumet
Xom
Yredelemnul
Zin
The Shining One
Jiyva
Lugonu

Shops:
D *[%??*?*:[((!!!!


Innate Abilities, Weirdness & Mutations

You are surrounded by a mild repulsion field (EV +2).
A weak demonic guardian rushes to your aid.


Message History

You now have 48 arena points (gained 36).
You start resting.
Get ready!
You start resting.
ROUND 3!
FIGHT!
LIGHTNING ROUND!
You sense a tension in the south.
You start resting.
A kamikaze kobold comes into view. It is wielding a club.
The kamikaze kobold shouts! 2 kobolds come into view.
The kamikaze kobold shouts!
You hit the kamikaze kobold but do no damage.
You barely miss the kamikaze kobold. You block the kamikaze kobold's attack.
A kamikaze kobold comes into view. It is wielding a dagger.
The kamikaze kobold shouts!
You hit the kamikaze kobold.
The kamikaze kobold explodes!
The fiery explosion engulfs you!
Ouch! That really hurt!
You die...

######.8.........8.######
#∩_._......###.........∩##
∩......).8.# #.8........∩###
.......$...###.............##
........###...###..........⌠#
........# #.<.# #..........⌠#
.......†###...###..........⌠#
...........###.............##
∩........8.# #.8$§......∩###
#∩___......###......___∩##
######.8......§.@8§######
#⌠........§§.§#
###.......§§### #_......._#
#........_# #_......._#
#∩.K.....∩# ##∩KK...∩##
##.....## ##⌠⌠⌠## #####


You could see 3 kamikaze kobolds.

Vanquished Creatures
  An ice beast (D)
  An orc wizard (D)
  Jessica (D)
  2 adders (D)
  An orc (D)
  A giant cockroach (D)
  A jackal (D)
  A bat (D)
9 creatures vanquished.

Vanquished Creatures (collateral kills)
  An ogre (D)
1 creature vanquished.

Grand Total: 10 creatures vanquished

Notes
Turn   | Place    | Note
--------------------------------------------------------------
     0 | D        | Kellhus the Demonspawn Monk began the quest for the Orb.
     0 | D        | Reached XP level 1. HP: 18/18 MP: 1/1
     0 | D        | Found a shimmering altar of Xom.
     0 | D        | Found an opulent altar of Gozag.
     4 | D        | Found a burning altar of Makhleb.
     4 | D        | Found a corrupted altar of Lugonu.
     5 | D        | Found a shadowy altar of Dithmenos.
     5 | D        | Found a basalt altar of Yredelemnul.
     5 | D        | Round 1.
     6 | D        | Found a stormy altar of Qazlal.
     6 | D        | Found Kely's Weapon Rack.
     6 | D        | Found Yloinan's Premium Goods.
     7 | D        | Found Zypnigyph's Basic Armour.
     7 | D        | Found Seammawi's Miscellaneous Merchandise.
     9 | D        | Found a sacrificial altar of Ru.
    13 | D        | Became a worshipper of Qazlal Stormbringer
    13 | D        | Reached * piety under Qazlal
    13 | D        | Reached ** piety under Qazlal
    15 | D        | Found a glowing silver altar of Zin.
    16 | D        | Found a glowing golden altar of the Shining One.
    16 | D        | Found Ykoec's Identification Station.
    18 | D        | Found Emebb's Advanced Armour.
    18 | D        | Found Kuixzimy's Jewellery.
    18 | D        | Found a viscous altar of Jiyva.
    18 | D        | Found an iron altar of Okawaru.
    18 | D        | Found Xeag's Bee Food.
    22 | D        | Found an ancient bone altar of Kikubaaqudgha.
    24 | D        | Found a bloodstained altar of Trog.
    25 | D        | Noticed Jessica
    25 | D        | Found Deurphoda's Magic Scroll Shop.
    26 | D        | Killed Jessica
    26 | D        | Reached skill level 6 in Unarmed Combat
    26 | D        | Gained mutation: You are surrounded by a mild repulsion field (EV +2). [demonic ancestry]
    26 | D        | Reached XP level 2. HP: 24/24 MP: 2/2
    27 | D        | Found a radiant altar of Vehumet.
    27 | D        | Found a blossoming altar of Fedhas.
    27 | D        | Found a deep blue altar of Sif Muna.
    27 | D        | Found Quh Jocs's Staff Store.
    27 | D        | Found Viton's Magic Scroll Shop.
    27 | D        | Found Qyugrur's Must-Have Magic.
    45 | D        | Reached skill level 1 in Invocations
    45 | D        | Gained mutation: A weak demonic guardian rushes to your aid. [demonic ancestry]
    45 | D        | Reached XP level 3. HP: 21/29 MP: 2/4
   125 | D        | Reached skill level 7 in Unarmed Combat
   134 | D        | Found Gellaenn's Distillery.
   135 | D        | Found Enkod's Distillery.
   135 | D        | Found Tuwkapn's Bottled Wisdom.
   136 | D        | Found a snail-covered altar of Cheibriados.
   136 | D        | Found Dosot's Do-It-Yourself Clinic.
   163 | D        | Reached *** piety under Qazlal
   163 | D        | Arena points: 12 (+12) [x2]
   163 | D        | Reached XP level 4. HP: 32/35 MP: 4/6
   219 | D        | Round 2.
   229 | D        | Noticed an ogre
   236 | D        | Killed an ogre
   236 | D        | Reached skill level 9 in Unarmed Combat
   236 | D        | Reached skill level 5 in Invocations
   236 | D        | Reached XP level 5. HP: 41/41 MP: 2/9
   262 | D        | Noticed an ice beast
   274 | D        | Killed an ice beast
   274 | D        | Reached **** piety under Qazlal
   274 | D        | Reached skill level 10 in Unarmed Combat
   315 | D        | Arena points: 48 (+36) [x3]
   354 | D        | Round 3.
   359 | D        | Killed from afar by a kamikaze kobold

Action                   |  1- 3 |  4- 6 || total
-------------------------+-------+-------++-------
Melee: Unarmed           |    11 |    16 ||    27
Invok: Upheaval          |       |     1 ||     1
Evoke: Wand              |     1 |       ||     1
 Stab: Distracted        |       |     1 ||     1
